 Dungeon Crawl Stone Soup version 0.31-a0-229-g1fc7ce93e2 (webtiles) character file.

Game seed: 971575050828416474

100 qw the Shooter (level 4, 0/38 HPs)
             Began as a Minotaur Hexslinger on July 6, 2023.
             Slain by a cerulean imp
             ... wielding a +0 spear
             ... summoned by Natasha
              (1 damage)
             ... on level 2 of the Dungeon.
             The game lasted 00:00:35 (1412 turns).

qw the Shooter (Minotaur Hexslinger)                Turns: 1412, Time: 00:00:36

Health: 0/38       AC:  3    Str: 13    XL:     4   Next: 46%
Magic:  4/4        EV: 12    Int: 10    God:
Gold:   46         SH:  0    Dex: 14    Spells: 4/5 levels left

rFire   . . .        Y - +1 sling
rCold   . . .        (no shield)
rNeg    . . .        d - +0 leather armour
rPois   .            (helmet restricted)
rElec   .            (no cloak)
rCorr   .            (no gloves)
SInv    .            (no boots)
Will    .....        (no amulet)
Stlth   +            (no ring)
HPRegen 0.26/turn    (no ring)
MPRegen 0.09/turn

%: no passive effects
@: no status effects
A: horns 2, retaliatory headbutt
a: no special abilities


You were on level 2 of the Dungeon.
You visited 1 branch of the dungeon, and saw 2 of its levels.

You collected 46 gold pieces.


Innate Abilities, Weirdness & Mutations

You have a pair of horns on your head.
You reflexively headbutt those who attack you in melee.


   Skills:
 - Level 3.2 Fighting
 + Level 4.4 Ranged Weapons
 - Level 2.1 Dodging
 - Level 1.0 Spellcasting
 - Level 2.0 Hexes


You had 4 spell levels left.
You knew the following spells:

 Your Spells              Type           Power      Damage    Failure   Level
a - Slow                  Hex            16%        N/A       19%         1

Your spell library contained the following spells:

 Spells                   Type           Power      Damage    Failure   Level
 Inner Flame              Hex/Fire       2%         N/A       65%         3
 Portal Projectile        Hex/Tloc       4%         N/A       65%         3
 Cause Fear               Hex            2%         N/A       88%         4

Inventory:

Hand Weapons
 Y - a +1 sling (weapon)
Armour
 a - a +1 hat
 b - a +0 robe of willpower
 d - a +0 leather armour (worn)
Jewellery
 c - a ring of flight
 f - an amulet of guardian spirit
Potions
 e - a potion of curing
 g - a potion of attraction {unknown}

Dungeon Overview and Level Annotations

Branches:
Dungeon (2/15)

Altars:

Shops:
D:1 (   D:2 =

Annotations:
D:2 Natasha


Message History

The sling bullet completely misses Natasha.
The sling bullet hits the kobold.
You kill the kobold!
You shoot a sling bullet. The sling bullet misses Natasha.
Natasha claws you but does no damage.
Natasha casts a spell.
You shoot a sling bullet. The sling bullet hits Natasha.
Natasha is lightly wounded.
Natasha claws you!
You shoot a sling bullet.
The sling bullet closely misses Natasha.
The sling bullet closely misses the cerulean imp.
The cerulean imp hits you from afar with a +0 spear.
Natasha casts a spell at you. The magic dart hits you.
You shoot a sling bullet. The sling bullet barely misses Natasha.
The sling bullet barely misses the cerulean imp.
The cerulean imp hits you from afar with a +0 spear.
Natasha barely misses you. You furiously retaliate!
You headbutt Natasha. You shoot a sling bullet.
The sling bullet barely misses Natasha.
The sling bullet closely misses the cerulean imp.
The cerulean imp barely misses you. Natasha barely misses you.
The cerulean imp hits you but does no damage.
Natasha claws you!
You shoot a sling bullet.
The sling bullet hits Natasha but does no damage.
Natasha is moderately wounded.
The cerulean imp completely misses you. Natasha misses you.
You shoot a sling bullet. The sling bullet hits Natasha.
Natasha is heavily wounded.
The cerulean imp hits you from afar with a +0 spear.
Natasha misses you.
You shoot a sling bullet.
The sling bullet closely misses Natasha.
The sling bullet hits the cerulean imp.
The cerulean imp is moderately wounded.
The cerulean imp hits you from afar with a +0 spear.
Natasha claws you.
The cerulean imp hits you from afar with a +0 spear.
You die...

.###.......##.#
)#...?....##.#
#..#.#.#####.#####
#..#.#.####...##.#
####..#.#..........#.
#......#.....##.##..#
#.##..#.#............
..##.##..#.#.#.%##.##.#.
...).5h@.#.#.#.#.#.#.##.
.........#.#....#.......
.....###..).........###.
..##. #.###..#.###.# ##
. . ......###....# #
#)###..#.######## .#
#...##.. ..#
##.###...##.# #.#
.........##.# #.#


You could see Natasha and a cerulean imp (summoned).

Vanquished Creatures
  A hound (D:2)
  Natasha (D:2)
  2 dart slugs (D:1)
  A bat (D:1)
  4 endoplasms
  5 goblins
  4 hobgoblins
  A jackal (D:2)
  6 kobolds
  3 quokkas
  5 ball pythons
  3 frilled lizards
  4 rats
40 creatures vanquished.

Notes
Turn   | Place    | Note
-------+----------+-------------------------------------------
     0 | D:1      | qw the Minotaur Hexslinger began the quest for the Orb.
     0 | D:1      | Reached XP level 1. HP: 16/16 MP: 1/1
     0 | D:1      | 0 ||| qw: Version: 0.3-a-46-gb1f654a
     0 | D:1      | 0 ||| qw: Game counter: 1691
     0 | D:1      | 0 ||| qw: Melee chars always use a shield: true
     0 | D:1      | 0 ||| qw: God list: Okawaru
     0 | D:1      | 0 ||| qw: Allow faded altars: false
     0 | D:1      | 0 ||| qw: Do Orc after clearing Dungeon:15 true
     0 | D:1      | 0 ||| qw: Do second Lair branch before Depths: true
     0 | D:1      | 0 ||| qw: Lair rune preference: random
     0 | D:1      | 0 ||| qw: Goals: Normal
     0 | D:1      | 0 ||| PLANNING D:1-11
    24 | D:1      | 24 ||| FLEEEEING.
    25 | D:1      | 25 ||| FLEEEEING.
    99 | D:1      | Reached skill level 3 in Ranged Weapons
    99 | D:1      | Reached XP level 2. HP: 15/23 MP: 2/2
   263 | D:1      | You fall into a shaft and drop 1 floor!
   304 | D:2      | Reached skill level 3 in Fighting
   304 | D:2      | Reached XP level 3. HP: 15/31 MP: 3/3
   376 | D:2      | Identified the +4 trident of the Beginning {antimagic,
                  | rElec rC+}
   388 | D:2      | 388 ||| UPGRADING to +0 leather armour.
   398 | D:2      | 398 ||| DROPPING +0 robe.
   399 | D:2      | 399 ||| DROPPING scarf of invisibility.
   400 | D:2      | 400 ||| DRINKING 2 orange potions.
   401 | D:2      | 401 ||| DROPPING scroll of poison.
   488 | D:1      | Found a faded altar of an unknown god.
   735 | D:1      | Found Avixyqic's Antique Weapon Boutique.
   744 | D:1      | 744 ||| SHOPLISTING bone longbow (299 gold, have 32).
   935 | D:1      | 935 ||| READING scroll labelled OXKEPOZIQO.
   936 | D:1      | 936 ||| READING scroll labelled ZUVOUT WUTI.
   937 | D:1      | 937 ||| READING scroll labelled TINOFFUPUO.
  1074 | D:2      | Noticed Natasha
  1082 | D:2      | Killed Natasha
  1083 | D:2      | Reached skill level 4 in Ranged Weapons
  1083 | D:2      | Reached XP level 4. HP: 18/38 MP: 4/4
  1249 | D:2      | Found Quwunogg's Jewellery Boutique.
  1252 | D:2      | 1252 ||| SHOPLISTING +5 ring of evasion (468 gold, have
                  | 44).
  1252 | D:2      | 1252 ||| SHOPLISTING ring "Nafaixede" {Fire Int+2 Slay+2}
                  | (579 gold, have 44).
  1252 | D:2      | 1252 ||| SHOPLISTING ring "Vaviogguesu" {rF+ Will+ Str+3
                  | Stlth+} (607 gold, have 44).
  1252 | D:2      | 1252 ||| SHOPLISTING ring of positive energy (260 gold,
                  | have 44).
  1400 | D:2      | Noticed Natasha
  1411 | D:2      | HP: 8/38 [cerulean imp/+0 spear[Natasha] (5)]
  1412 | D:2      | HP: 1/38 [Natasha (6)]
  1412 | D:2      | Slain by a cerulean imp

Levels and vault maps discovered:
D:1:      dpeg_arrival_solitude, layout_loops_ring, serial_forest,
          infiniplex_forest_end_2, infiniplex_forest_clump_diagonal,
          infiniplex_forest_clump_double, infiniplex_forest_end_double,
          infiniplex_forest_lined_3, infiniplex_forest_lined_2,
          infiniplex_forest_corner_1, infiniplex_forest_clump_tiny,
          infiniplex_forest_end_1, chequers_ecumenical_altar_twisty,
          serial_shops, nicolae_shop_just_a_little_nook
D:2:      minmay_evil_eye, layout_loops_ring, serial_shops,
          nicolae_shop_real_fake_doors, uniq_natasha

Skill      XL: |  1  2  3 |
---------------+----------+-----
Ranged Weapons | 3 4 |  4.4
Fighting       | 3 |  3.2
Dodging        | |  2.1
Spellcasting   | |  1.0
Hexes          | |  2.0

Action                     |  1- 3 |  4- 6 || total
---------------------------+-------+-------++-------
   Fire: Sling             |    96 |    30 ||   126
    Use: Scroll            |     3 |       ||     3
         Potion            |     1 |       ||     1
 Armour: Robe              |     2 |       ||     2
         Leather armour    |     5 |     2 ||     7
  Dodge: Dodged            |    32 |     7 ||    39

Table legend:
 A = Non-vault XP
 B = Vault XP
 C = Vault XP percentage of total XP
 D = Non-vault monster count
 E = Vault monster count
 F = Vault count percentage of total count
                 A         B        C        D         E       F
            +---------+---------+-------+---------+---------+-------
      Total |     100 |      43 |  30.1 |      35 |       5 |  12.5
            +---------+---------+-------+---------+---------+-------
        D:1 |      41 |       0 |   0.0 |      22 |       0 |   0.0
        D:2 |      59 |      43 |  42.2 |      13 |       5 |  27.8
            +---------+---------+-------+---------+---------+-------
